cohdb
Replays
Latest Replays
All Replays
Popular Replays
Top Player Replays
Match Explorer
How It Works
Community
CoH3 Stats
Reddit
Sign in to upload your games and track your stats! →
Sign in with Steam
Match 28333917
Unlisted
Match 28333917
Overview
Messages
Build Orders
End
Kettenkrad Recon Vehicle
Construct Infanterie Kompanie
MG 42 Machine Gun Team
Grenadier Squad
Grenadier Squad
Grenadier Squad
Construct Luftwaffe Kompanie
Jäger Squad
Jäger Squad
Support Elements
Wirbelwind Flakpanzer
Jäger Squad
Jäger Squad
Wirbelwind Flakpanzer
Pioneer Squad
Luftwaffe Officer Quarters
Infanterie Officer Quarters
Jäger Squad
Construct Panzer Kompanie
Wirbelwind Flakpanzer
Selects Luftwaffe Battlegroup
Selects Stuka Strafing Run
Selects Fallschirmjäger Squad Paradrop
Medical Station
Wirbelwind Flakpanzer
Stuka Strafing Run
Selects Stuka Loiter
Selects Luftwaffe Pioneer Support
Selects Flak 38 Anti-Air Emplacement
Selects Flak 36 Anti-tank Gun Emplacement
BLITZKRIEG BOB
Wrathment
0
0
Comments
sign in to comment!
No comments posted yet!